 Dungeon Crawl Stone Soup version 0.26-a0-652-gafc20e3620 (webtiles) character file.

Game seed: 2853722646748385867

3507 Gargoyl the Fighter (level 10, -4/80 HPs)
             Began as a Gnoll Abyssal Knight on Oct 4, 2020.
             Was a Priest of Lugonu.
             Slain by Gastronok (30 damage)
             ... on level 8 of the Dungeon.
             The game lasted 00:12:31 (8112 turns).

Gargoyl the Fighter (Gnoll Abyssal Knight)          Turns: 8112, Time: 00:12:32

Health: -4/80      AC: 14    Str: 17    XL:     10   Next: 7%
Magic:  6/17       EV:  7    Int: 16    God:    Lugonu [***...]
Gold:   326        SH:  0    Dex: 14    Spells: 18/18 levels left

rFire    . . .     SeeInvis .   l - +0 war axe (vorpal)
rCold    + . .     Faith    .   (no shield)
rNeg     . . .     Spirit   .   f - +2 plate armour
rPois    .         Reflect  .   (no helmet)
rElec    .         Harm     .   (no cloak)
rCorr    .         Rampage  .   (no gloves)
MR       +....                  (no boots)
Stlth    ..........             (no amulet)
HPRegen  0.23/turn              b - ring of protection from cold
MPRegen  0.15/turn              e - ring of protection from magic

@: heavily drained
A: distributed training, fangs 1, strong nose
a: Depart the Abyss, Bend Space, Banish, Renounce Religion


You were on level 8 of the Dungeon.
You worshipped Lugonu.
Lugonu was most pleased with you.
You visited 1 branch of the dungeon, and saw 8 of its levels.
You visited the Abyss 1 time.

You collected 410 gold pieces.
You spent 84 gold pieces at shops.

Inventory:

Hand Weapons
 a - a +1 hand axe
 l - a +0 vorpal war axe (weapon)
 w - a +2 long sword of freezing
Missiles
 j - 34 poisoned darts (quivered)
Armour
 f - a +2 plate armour (worn)
Jewellery
 b - a ring of protection from cold (left hand)
 e - a ring of protection from magic (right hand)
Scrolls
 g - a scroll of identify
 k - a scroll of fog
 o - 2 scrolls of remove curse
 r - 3 scrolls of teleportation
Potions
 d - 3 potions of might
 h - a potion of flight
 i - a potion of berserk rage
 m - 5 potions of brilliance
 p - a potion of degeneration
 q - a potion of lignification
 s - 2 potions of curing {unknown}
 t - 2 potions of haste {unknown}
 u - a potion of stabbing {unknown}
 v - a potion of invisibility {unknown}


   Skills:
 + Level 8.3(6.4) Fighting
 + Level 4.9(3.2) Short Blades
 + Level 4.9(3.2) Long Blades
 + Level 6.8(5.0) Axes
 + Level 4.9(3.2) Maces & Flails
 + Level 4.9(3.2) Polearms
 + Level 4.9(3.2) Staves
 + Level 4.9(3.2) Slings
 + Level 4.9(3.2) Bows
 + Level 4.9(3.2) Crossbows
 + Level 4.9(3.2) Throwing
 + Level 6.8(5.0) Armour
 + Level 5.6(3.9) Dodging
 + Level 4.9(3.2) Stealth
 + Level 4.9(3.2) Shields
 + Level 4.9(3.2) Unarmed Combat
 + Level 4.9(3.2) Spellcasting
 + Level 4.0(2.4) Conjurations
 + Level 4.0(2.4) Hexes
 + Level 4.0(2.4) Summonings
 + Level 4.0(2.4) Necromancy
 + Level 4.0(2.4) Translocations
 + Level 4.0(2.4) Transmutations
 + Level 4.0(2.4) Fire Magic
 + Level 4.0(2.4) Ice Magic
 + Level 4.0(2.4) Air Magic
 + Level 4.0(2.4) Earth Magic
 + Level 4.0(2.4) Poison Magic
 + Level 7.2(5.4) Invocations
 + Level 4.9(3.2) Evocations


You had 18 spell levels left.
You didn't know any spells.
Your spell library was empty.

Dungeon Overview and Level Annotations

Branches:
Dungeon (8/15)             Temple (0/1) D:5
   Lair: D:8-11

Altars:
Qazlal

Shops:
D:5 *

Annotations:
D:7 Erica
D:8 Gastronok


Innate Abilities, Weirdness & Mutations

Your experience applies equally to all skills.
You have very sharp teeth.
Your uncanny sense of smell can sniff out nearby items.


Message History

You fail to use your ability.
Gastronok makes a strange noise.
Gastronok closely misses you.
The river rat bites you but does no damage.
Press: ? - help, Shift-Dir - straight line, f/p - Gastronok
Aim: Gastronok, wearing a +2 hat (moderately wounded, chance to defeat MR: 35%) Gastronok easily resists.
You can no longer corrupt the fabric of space.
The river rat bites you.
Press: ? - help, Shift-Dir - straight line, f/p - Gastronok
Aim: Gastronok, wearing a +2 hat (moderately wounded, chance to defeat MR: 35%) Gastronok easily resists.
Gastronok bites you!!
* * * LOW HITPOINT WARNING * * *
The river rat barely misses you.
Unknown command.
Press: ? - help, Shift-Dir - straight line, f/p - Gastronok
Aim: Gastronok, wearing a +2 hat (moderately wounded, chance to defeat MR: 35%)
You fail to use your ability.
The river rat barely misses you.
You feel much better. Gastronok bites you!!
You die...

... .......# #
#.#.##.# ..
#.#w##.####. ##
#.#.##..... ..
#...##.#.##.###
#...##.........
#..r##r........
#.rw@.<.##....
#.###...# #
#.##.....#
#.##.....#
#.##.......
#.##........
#.##.........
#.####.####.#
#.# #.#


You could see Gastronok, a river rat (summoned), a quokka (summoned) and a rat
(summoned).

Vanquished Creatures
  Pikel (D:6)
  A troll (D:5)
  A hippogriff (D:7)
  An orc warrior (D:7)
  A hornet zombie (D:6)
  An ice beast (D:6)
  A sky beast (D:7)
  An ogre (D:4)
  4 centaurs
  3 bullfrogs
  A gnoll sergeant (D:8)
  A scorpion (D:8)
  6 wights (D:7)
  4 howler monkeys
  3 bullfrog zombies
  A jelly (D:7)
  5 hounds
  2 orc priests
  3 bullfrog skeletons
  A centaur skeleton (D:6)
  Jessica (D:2)
  3 iguanas
  8 orc wizards
  6 worker ants
  9 gnolls
  4 adders
  A shadow imp (D:7)
  2 white imps (D:5)
  An ufetubus (D:6)
  2 oozes
  2 worms
  4 dart slugs
  3 leopard geckos
  19 orcs
  8 bats
  6 giant cockroaches
  7 goblins
  9 hobgoblins
  4 jackals (D:3)
  5 kobolds
  A ball python (D:1)
  6 frilled lizards
  A jackal skeleton (D:8)
  8 rats
162 creatures vanquished.

Notes
Turn   | Place    | Note
-------+----------+-------------------------------------------
     0 | Abyss:1  | Gargoyl the Gnoll Abyssal Knight began the quest for the
                  | Orb.
     0 | Abyss:1  | Reached XP level 1. HP: 23/23 MP: 3/3
   138 | Abyss:1  | Found a corrupted altar of Lugonu.
   253 | Abyss:1  | Noticed a large abomination
   269 | Abyss:1  | Noticed an iron imp
   276 | Abyss:1  | Noticed a vampire
   282 | Abyss:1  | Noticed a small abomination
   286 | Abyss:1  | Noticed a starcursed mass
   289 | D:1      | Escaped the Abyss
   570 | D:1      | Reached XP level 2. HP: 29/29 MP: 5/5
   617 | D:1      | Reached XP level 3. HP: 31/35 MP: 6/6
   656 | D:1      | Reached * piety under Lugonu
  1150 | D:2      | Reached skill level 1 in Short Blades
  1150 | D:2      | Reached skill level 1 in Long Blades
  1150 | D:2      | Reached skill level 1 in Maces & Flails
  1150 | D:2      | Reached skill level 1 in Polearms
  1150 | D:2      | Reached skill level 1 in Staves
  1150 | D:2      | Reached skill level 1 in Slings
  1150 | D:2      | Reached skill level 1 in Bows
  1150 | D:2      | Reached skill level 1 in Crossbows
  1150 | D:2      | Reached skill level 1 in Throwing
  1150 | D:2      | Reached skill level 1 in Stealth
  1150 | D:2      | Reached skill level 1 in Shields
  1150 | D:2      | Reached skill level 1 in Unarmed Combat
  1150 | D:2      | Reached skill level 1 in Spellcasting
  1150 | D:2      | Reached skill level 1 in Evocations
  1191 | D:2      | Reached XP level 4. HP: 41/41 MP: 7/7
  1287 | D:2      | Reached ** piety under Lugonu
  1504 | D:2      | Noticed Jessica
  1511 | D:2      | Killed Jessica
  1511 | D:2      | Reached skill level 1 in Conjurations
  1511 | D:2      | Reached skill level 1 in Hexes
  1511 | D:2      | Reached skill level 1 in Summonings
  1511 | D:2      | Reached skill level 1 in Necromancy
  1511 | D:2      | Reached skill level 1 in Translocations
  1511 | D:2      | Reached skill level 1 in Transmutations
  1511 | D:2      | Reached skill level 1 in Fire Magic
  1511 | D:2      | Reached skill level 1 in Ice Magic
  1511 | D:2      | Reached skill level 1 in Air Magic
  1511 | D:2      | Reached skill level 1 in Earth Magic
  1511 | D:2      | Reached skill level 1 in Poison Magic
  1655 | D:3      | Reached XP level 5. HP: 43/47 MP: 8/8
  2514 | D:4      | Found a stormy altar of Qazlal.
  2518 | D:4      | Noticed a fire elemental
  2519 | D:4      | Noticed a water elemental
  2519 | D:4      | Noticed an air elemental
  2521 | D:4      | Noticed an ogre
  2529 | D:4      | Killed an ogre
  2529 | D:4      | Reached skill level 5 in Invocations
  2529 | D:4      | Reached XP level 6. HP: 24/53 MP: 9/9
  2786 | D:4      | Reached skill level 5 in Axes
  2786 | D:4      | Reached skill level 5 in Armour
  3265 | D:4      | Reached XP level 7. HP: 45/59 MP: 10/10
  3391 | D:4      | Reached skill level 7 in Fighting
  3593 | D:5      | Entered Level 5 of the Dungeon
  3614 | D:5      | Found Ymugoigg's Assorted Antiques.
  3622 | D:5      | Bought a scroll labeled AFUROS BUCAKHLYALIO for 28 gold
                  | pieces
  3622 | D:5      | Bought a scroll labeled TODDAF GIUKLOA for 28 gold pieces
  3622 | D:5      | Bought a scroll labeled TODDAF GIUKLOA for 28 gold pieces
  3682 | D:5      | Found a staircase to the Ecumenical Temple.
  3898 | D:5      | Noticed a troll
  3916 | D:5      | Killed a troll
  4165 | D:5      | Reached XP level 8. HP: 37/67 MP: 12/12
  5077 | D:6      | Reached *** piety under Lugonu
  5655 | D:6      | Noticed Pikel
  5673 | D:6      | Killed Pikel
  5673 | D:6      | Reached XP level 9. HP: 65/74 MP: 13/15
  6129 | D:7      | Reached skill level 5 in Dodging
  6243 | D:7      | HP: 3/74 [sky beast (5)]
  6634 | D:7      | Reached skill level 8 in Fighting
  7447 | D:8      | Reached **** piety under Lugonu
  7535 | D:8      | Reached XP level 10. HP: 71/80 MP: 17/17
  7754 | D:8      | Noticed Gastronok
  7758 | D:8      | Noticed Erica
  8112 | D:8      | Slain by Gastronok

Illustrated notes

Levels and vault maps discovered:
D:1:      dpeg_arrival_orchard, layout_rooms
D:2:      layout_rooms, uniq_jessica
D:3:      layout_basic, kennysheep_nondescript, hangedman_decor_opposing
D:4:      layout_loops_ring, nicolae_qazlal_style_of_elements
D:5:      layout_gridville, minmay_temple_entry_mist, serial_shops, shop
D:6:      layout_loops_corners, uniq_pikel
D:7:      layout_rooms
D:8:      layout_loops_ring, minmay_radiant, uniq_erica, uniq_gastronok

Skill      XL: |  1  2  3  4  5  6  7  8  9 |
---------------+----------------------------+-----
Short Blades   | 1 2 4 |  4.9
Long Blades    | 1 2 4 |  4.9
Maces & Flails | 1 2 4 |  4.9
Polearms       | 1 2 4 |  4.9
Staves         | 1 2 4 |  4.9
Slings         | 1 2 4 |  4.9
Bows           | 1 2 4 |  4.9
Crossbows      | 1 2 4 |  4.9
Throwing       | 1 2 4 |  4.9
Stealth        | 1 2 4 |  4.9
Shields        | 1 2 4 |  4.9
Unarmed Combat | 1 2 4 |  4.9
Spellcasting   | 1 2 4 |  4.9
Evocations     | 1 2 4 |  4.9
Conjurations   | 1 2 3 4 |  4.0
Hexes          | 1 2 3 4 |  4.0
Summonings     | 1 2 3 4 |  4.0
Necromancy     | 1 2 3 4 |  4.0
Translocations | 1 2 3 4 |  4.0
Transmutations | 1 2 3 4 |  4.0
Fire Magic     | 1 2 3 4 |  4.0
Ice Magic      | 1 2 3 4 |  4.0
Air Magic      | 1 2 3 4 |  4.0
Earth Magic    | 1 2 3 4 |  4.0
Poison Magic   | 1 2 3 4 |  4.0
Dodging        | 3 4 5 |  5.6
Invocations    | 5 6 7 |  7.2
Axes           | 5 6 |  6.8
Armour         | 5 6 |  6.8
Fighting       | 7 8 |  8.3

Action                   |  1- 3 |  4- 6 |  7- 9 | 10-12 || total
-------------------------+-------+-------+-------+-------++-------
Melee: Hand axe          |    29 |       |       |       ||    29
       Bite              |     9 |    18 |    49 |     3 ||    79
       Dagger            |    38 |   162 |    97 |       ||   297
       Punch             |       |     2 |     8 |     1 ||    11
       War axe           |       |       |   260 |    57 ||   317
       Long sword        |       |       |    16 |       ||    16
Throw: Dart              |       |       |     1 |       ||     1
Invok: Depart the Abyss  |     1 |       |       |       ||     1
       Banish            |       |       |       |     3 ||     3
  Use: Scroll            |     7 |     2 |    13 |       ||    22
       Potion            |       |       |     3 |     2 ||     5
Armor: Plate armour      |    60 |   147 |   277 |    38 ||   522
       Scale mail        |     1 |       |       |       ||     1
Dodge: Dodged            |    27 |    43 |   123 |    30 ||   223

Table legend: (Time is in decaauts)
 A = Elapsed time spent in this place.
 B = Non-inter-level travel time spent in this place.
 C = Inter-level travel time spent in this place.
 D = Time resting spent in this place.
 E = Time spent auto-exploring this place.
 F = Levels seen in this place.
 G = Mean time per level.
                   A        B        C        D        E       F      G
               +--------+--------+--------+--------+--------+-----+--------+
         Total |   8161 |   7974 |    187 |   1708 |   4722 |   9 |  906.8 |
       Dungeon |   7873 |   7686 |    187 |   1708 |   4491 |   8 |  984.1 |
         Abyss |    288 |    288 |      0 |      0 |    231 |   1 |  288.0 |
               +--------+--------+--------+--------+--------+-----+--------+

Top non-repeatable levels by time:
     D:7: 1383 daAuts
     D:6: 1345 daAuts
     D:5: 1308 daAuts
     D:4: 1069 daAuts
     D:3: 920 daAuts
     D:1: 833 daAuts
     D:8: 547 daAuts
     D:2: 465 daAuts
 Abyss:1: 288 daAuts
